 Dungeon Crawl Stone Soup version 0.17-a0-1404-gb8113a6 (webtiles) character file.

177 Lathuz the Cudgeler (level 5, -1/45 HPs)
             Began as a Minotaur Berserker on June 21, 2015.
             Was a Believer of Trog.
             Slain by Sigmund
             ... wielding a +0 scythe
              (2 damage)
             ... on level 3 of the Dungeon.
             The game lasted 00:05:42 (2374 turns).

Lathuz the Cudgeler (Minotaur Berserker)            Turns: 2374, Time: 00:05:42

Health: -1/45      AC:  4    Str: 21    XL:     5   Next: 31%
Magic:  4/4        EV: 12    Int:  4    God:    Trog [**....]
Gold:   174        SH:  0    Dex: 16    Spells: 0 memorised, 4 levels left

rFire  . . .     SeeInvis .     a - +0 mace
rCold  . . .     Clarity  .     f - +0 leather armour
rNeg   + . .     SustAt   .     (no shield)
rPois  .         Gourm    .     (helmet restricted)
rElec  .         Spirit   .     n - +0 cloak
rCorr  .         Warding  .     (no gloves)
rMut   .         Stasis   .     (no boots)
MR     .....                    (no amulet)
Stlth  +.........               v - +5 ring of dexterity
                                r - ring of positive energy

@: exhausted, slowed, very slow, not resistant to hostile enchantments, very
unstealthy
A: retaliatory headbutt, horns 2
a: Burn Spellbooks, Berserk, Trog's Hand, Renounce Religion


You were on level 3 of the Dungeon.
You worshipped Trog.
Trog was pleased with you.
You were hungry.

You visited 1 branch of the dungeon, and saw 3 of its levels.

You collected 174 gold pieces.

Inventory:

Hand weapons
 a - a +0 mace (weapon)
Armour
 f - a +0 leather armour (worn)
 n - a +0 cloak (worn)
Jewellery
 r - a ring of positive energy (left hand)
 v - a +5 ring of dexterity (right hand)
 y - an uncursed ring of poison resistance {unknown}
Magical devices
 u - a wand of digging (10)
 x - a wand of confusion (24)
Scrolls
 d - 2 scrolls of identify {unknown}
 e - a scroll of immolation {unknown}
 g - 2 scrolls of remove curse {unknown}
 h - a scroll of enchant armour {unknown}
 j - a scroll of enchant weapon {unknown}
 k - 3 scrolls of amnesia {unknown}
 m - 2 scrolls of random uselessness {unknown}
 o - a scroll of fear {unknown}
 q - 2 scrolls of magic mapping {unknown}
Potions
 b - a potion of curing {unknown}
 i - a potion of might
 l - a potion of agility {unknown}
 p - 3 potions of heal wounds {unknown}
 s - a potion of resistance {unknown}
 w - a potion of invisibility {unknown}
 z - a potion of lignification {unknown}
 A - a potion of poison {unknown}
Comestibles
 c - 3 bread rations
 t - 2 chunks of flesh


   Skills:
 - Level 3.6 Fighting
 + Level 7.3 Maces & Flails
 - Level 2.4 Armour
 - Level 2.1 Dodging


You had 4 spell levels left.
You didn't know any spells.

Dungeon Overview and Level Annotations

Branches:
Dungeon (3/15)

Altars:
Cheibriados
Kikubaaqudgha
Okawaru

Annotations:
D:3 Sigmund


Innate Abilities, Weirdness & Mutations

You reflexively headbutt those who attack you in melee.
You have a pair of horns on your head.


Message History

You are too confused!
You are too confused!
Sigmund hits you from afar with a scythe!
You bump into the rock wall.
Sigmund points at you and mumbles some strange words.
The magic dart hits you! Sigmund gestures at you while chanting.
The puff of flame hits you!
* * * LOW HITPOINT WARNING * * *
You bump into the rock wall.
You feel less confused. Sigmund gestures at you while chanting.
The puff of flame hits you!
* * * LOW HITPOINT WARNING * * *
Sigmund barely misses you. You furiously retaliate!
You headbutt Sigmund, but do no damage. You hit Sigmund.
Sigmund is severely wounded.
Sigmund hits you with a scythe.
You die...

........#.....# #.# #.).......
#############.#####.###)........
#....†......)†........
#.#..####.####........
#.#.........)'..).....
#.##..###.####........
#.....................
#####.[##.###.######## ##@##.#
#@##.# #..#.. ##.#.# ...# #..#
.># ###


You could see Sigmund.

Vanquished Creatures
  2 vampire bats (D:2)
  Crazy Yiuf (D:3)
  Robin (D:3)
  An adder (D:2)
  2 giant geckos
  An orc (D:3)
  A ball python (D:1)
  2 bat skeletons (D:2)
  2 bat zombies (D:2)
  12 goblins
  10 hobgoblins
  2 kobolds
  6 bats
  3 giant cockroaches
  2 giant newts
  5 rats
53 creatures vanquished.

Notes
Turn   | Place    | Note
--------------------------------------------------------------
     0 | D:1      | Lathuz the Minotaur Berserker began the quest for the Orb.
     0 | D:1      | Reached XP level 1. HP: 19/19 MP: 0/0
    69 | D:1      | Reached skill level 4 in Maces & Flails
   622 | D:1      | Reached XP level 2. HP: 26/26 MP: 1/1
  1128 | D:2      | Found an iron altar of Okawaru.
  1233 | D:2      | Reached skill level 5 in Maces & Flails
  1237 | D:2      | Found an ancient bone altar of Kikubaaqudgha.
  1239 | D:2      | Noticed a vampire bat
  1239 | D:2      | Noticed a vampire bat
  1242 | D:2      | Killed a vampire bat
  1242 | D:2      | Reached XP level 3. HP: 28/31 MP: 2/2
  1247 | D:2      | Killed a vampire bat
  1247 | D:2      | Reached skill level 6 in Maces & Flails
  1247 | D:2      | Reached XP level 4. HP: 33/39 MP: 3/3
  1490 | D:2      | Acquired Trog's second power
  1862 | D:3      | Found a snail-covered altar of Cheibriados.
  1948 | D:3      | Noticed Robin
  1963 | D:3      | Killed Robin
  1963 | D:3      | Reached skill level 7 in Maces & Flails
  1963 | D:3      | Reached XP level 5. HP: 40/45 MP: 4/4
  2080 | D:3      | Noticed Sigmund
  2185 | D:3      | Noticed Crazy Yiuf
  2188 | D:3      | Killed Crazy Yiuf
  2372 | D:3      | HP: 1/45 [Sigmund/puff of flame (7)]
  2374 | D:3      | Slain by Sigmund

Vault maps used:
D:1:      minmay_arrival_floating_metal
D:2:      okawaru_gym_becter, kennysheep_vampire_church, minmay_misc_feat_tower
D:3:      overflow_temple_1_default, uniq_robin, uniq_sigmund,
          uniq_crazy_yiuf_cottage

Action                   |  1- 3 |  4- 6 || total
-------------------------+-------+-------++-------
Melee: Mace              |    39 |    44 ||    83
Invok: Berserk           |       |     2 ||     2
  Eat: Chunk             |     1 |     5 ||     6
